 Dungeon Crawl Stone Soup version 0.31.0-11-ge490571c62 (webtiles) character file.

Game seed: 14688107251797443214

18 qw the Shooter (level 2, 0/14 HPs)
             Began as a Spriggan Hunter on Feb 4, 2024.
             Succumbed to their own poison gas
             ... on level 1 of the Dungeon.
             The game lasted 00:00:09 (607 turns).

qw the Shooter (Spriggan Hunter)                     Turns: 607, Time: 00:00:10

Health: 0/14       AC:  2    Str:  7    XL:     2   Next: 51%
Magic:  3/3        EV: 19    Int: 10    God:
Gold:   37         SH:  0    Dex: 18    Spells: 1/1 levels left

rFire   . . .        a - +0 shortbow
rCold   . . .        (shield currently unavailable)
rNeg    . . .        c - +0 robe
rPois   .            (helmet restricted)
rElec   .            (no cloak)
rCorr   .            (gloves unavailable)
SInv    +            (boots unavailable)
Will    .....        i - amulet of faith
Stlth   ++           (no ring)
HPRegen 0.22/turn    (no ring)
MPRegen 0.08/turn

%: faith
@: lethally poisoned (0 -> -4), very quick
A: very small, no large weapons, unfitting armour, see invisible, speed 3
a: no special abilities


You were on level 1 of the Dungeon.
You visited 1 branch of the dungeon, and saw 1 of its levels.

You collected 37 gold pieces.


Innate Abilities, Weirdness & Mutations

You are very small and have problems with some larger weapons.
You are too small for most types of armour.
You have supernaturally acute eyesight. (SInv)
You cover ground extremely quickly. (Speed+++)


   Skills:
 - Level 1.5 Fighting
 + Level 4.1 Ranged Weapons
 - Level 4.0 Dodging
 - Level 1.5 Stealth


You had one spell level left.
You didn't know any spells.
Your spell library was empty.

Inventory:

Hand Weapons
 a - a +0 shortbow (weapon)
Armour
 c - a +0 robe (worn)
Jewellery
 i - an amulet of faith (around neck)
Potions
 d - a potion of heal wounds

Dungeon Overview and Level Annotations

Branches:
Dungeon (1/15)

Altars:


Message History

What level of the Dungeon? (default 1, ? - help) Sorry, I don't know how to get there.
Enter note:
Enter note:
Enter note:
Enter note:
Enter note:
Enter note:
Enter note:
Enter note:
Enter note:
Enter note:
Enter note:
Enter note: You are engulfed in poison gas.
You are lethally poisoned!
You feel very sick.
598 ||| Stepping ~*~*~tactically~*~*~ (cloud).
You feel sick.
You see here a scroll of butterflies.
599 ||| DRINKING potion of curing.
You feel better.
599 ||| (to cure poison)
You start resting.
HP restored.
You are engulfed in poison gas.
You are lethally poisoned!
You feel very sick.
602 ||| Stepping ~*~*~tactically~*~*~ (cloud).
You feel sick.
You see here a scroll of butterflies.
There is a lethal amount of poison in your body!
You feel very sick.
There is a lethal amount of poison in your body!
You feel sick.
There is a lethal amount of poison in your body!
You feel sick.
There is a lethal amount of poison in your body!
You feel sick.
There is a lethal amount of poison in your body!
You die...

..#####.# #.#
......#.################ #.#
#.#.###.################ #.#
#.#.....################ #.#
#.###################### #.#
.............>########## #.#
....................#### #.#
###..##############.#### #.#
#..##........#0@.#.#### #.#
##.###.######.#ยค#.#.#### #.#
...# #.# ####.#0#.#.#### #.#
...# #.# ####.#0#(#.#### #.#
...# #.######.#0###.#### #.#
..## #.........0..#.#######.#
#.###########.#0..#.........#
..............#0####.########
........)............#


There were no monsters in sight!

Vanquished Creatures
  A dart slug (D:1)
  3 endoplasms (D:1)
  A giant cockroach (D:1)
  A goblin (D:1)
  A hobgoblin (D:1)
  A kobold (D:1)
  2 ball pythons (D:1)
  3 bats (D:1)
  A frilled lizard (D:1)
  2 rats (D:1)
16 creatures vanquished.

Notes
Turn   | Place    | Note
-------+----------+-------------------------------------------
     0 | D:1      | qw the Spriggan Hunter began the quest for the Orb.
     0 | D:1      | Reached XP level 1. HP: 10/10 MP: 2/2
     0 | D:1      | 0 ||| qw: Version: 0.3-a-160-g6735b56
     0 | D:1      | 0 ||| qw: Game counter: 5826
     0 | D:1      | 0 ||| qw: Melee chars always use a shield: true
     0 | D:1      | 0 ||| qw: God list: Okawaru
     0 | D:1      | 0 ||| qw: Allow faded altars: false
     0 | D:1      | 0 ||| qw: Do Orc after clearing Dungeon:15 true
     0 | D:1      | 0 ||| qw: Do second Lair branch before Depths: true
     0 | D:1      | 0 ||| qw: Lair rune preference: random
     0 | D:1      | 0 ||| qw: Goals: Normal
     0 | D:1      | 0 ||| PLANNING D:1-11
    53 | D:1      | Reached skill level 3 in Dodging
   227 | D:1      | Reached XP level 2. HP: 14/14 MP: 3/3
   586 | D:1      | 586 ||| UPGRADING to amulet of faith.
   591 | D:1      | 591 ||| READING scroll labelled RAUDOU JARUN.
   591 | D:1      | 591 ||| IDENTIFYING red potion
   592 | D:1      | 592 ||| READING scroll labelled PAMENY MECO.
   593 | D:1      | 593 ||| READING scroll labelled REHISK MUSORA.
   594 | D:1      | 594 ||| READING scroll labelled HENALAEQE.
   595 | D:1      | 595 ||| DRINKING 2 murky puce potions.
   596 | D:1      | 596 ||| DROPPING scroll of butterflies.
   598 | D:1      | 598 ||| Stepping ~*~*~tactically~*~*~ (cloud).
   599 | D:1      | 599 ||| DRINKING potion of curing.
   599 | D:1      | 599 ||| (to cure poison)
   602 | D:1      | 602 ||| Stepping ~*~*~tactically~*~*~ (cloud).
   605 | D:1      | HP: 3/14 [poisoned by you (poison gas)]
   606 | D:1      | HP: 1/14 [poisoned by you (poison gas)]
   607 | D:1      | Succumbed to their own poison gas

Levels and vault maps discovered:
D:1:      minmay_arrival_four_circles, layout_basic

Skill      XL: |  1  2 |
---------------+-------+-----
Dodging        | 3 4 |  4.0
Fighting       | |  1.5
Ranged Weapons | |  4.1
Stealth        | |  1.5

Action                     || total
---------------------------++-------
   Fire: Shortbow          ||    24
    Use: Scroll            ||     4
         Potion            ||     2

Table legend:
 A = Non-vault XP
 B = Vault XP
 C = Vault XP percentage of total XP
 D = Non-vault monster count
 E = Vault monster count
 F = Vault count percentage of total count
                 A         B        C        D         E       F
            +---------+---------+-------+---------+---------+-------
      Total |      27 |       0 |   0.0 |      16 |       0 |   0.0
            +---------+---------+-------+---------+---------+-------
        D:1 |      27 |       0 |   0.0 |      16 |       0 |   0.0
            +---------+---------+-------+---------+---------+-------
